 Dungeon Crawl Stone Soup version 0.30-a0-845-g7c6808c8ce (webtiles) character file.

Game seed: 14983733984582850094

1666 jasper the Magician (level 8, -3/44 (45) HPs)
             Began as a Deep Elf Earth Elementalist on Mar 2, 2023.
             Was a Follower of Sif Muna.
             Slain by a wight
             ... wielding a +5 long sword
              (16 damage)
             ... on level 7 of the Dungeon.
             The game lasted 00:08:23 (5483 turns).

jasper the Magician (Deep Elf Earth Elementalist)   Turns: 5483, Time: 00:08:24

HP:   -3/44 (45)    AC:  3    Str:  5    XL:     8   Next: 69%
MP:   19/19         EV: 14    Int: 23    God:    Sif Muna [*.....]
Gold: 235           SH:  0    Dex: 15    Spells: 8/19 levels left

rFire   + . .      SeeInvis .    x - +3 trident
rCold   . . .      Faith    +    (no shield)
rNeg    . . .      Spirit   .    a - +0 robe
rPois   .          Reflect  .    (no helmet)
rElec   .          Rampage  .    (no cloak)
rCorr   .                        p - +0 pair of gloves
Will    .....                    (no boots)
Stlth   ++                       f - amulet of faith
HPRegen 0.27/turn                E - ring of protection from fire
MPRegen 0.16/turn                (no ring)

@: lightly drained
A: no striking features
a: Renounce Religion, Channel Magic


You were on level 7 of the Dungeon.
You worshipped Sif Muna.
Sif Muna was aware of your devotion.
You visited 1 branch of the dungeon, and saw 7 of its levels.

You collected 274 gold pieces.
You spent 39 gold pieces at shops.

Inventory:

Hand Weapons
 c - a +0 short sword
 x - a +3 trident (weapon)
Missiles
 v - 35 stones
Armour
 a - a +0 robe (worn)
 e - a +0 pair of gloves
 p - a +0 pair of gloves (worn)
Magical Staves
 y - a staff of cold
Jewellery
 f - an amulet of faith (around neck)
 s - an amulet of guardian spirit
 E - a ring of protection from fire (left hand)
Wands
 n - a wand of flame (24)
 C - a wand of polymorph (13)
Scrolls
 d - 2 scrolls of noise
 m - a scroll of fear
 o - a scroll of torment
 q - a scroll of identify
 t - a scroll of teleportation
 u - a scroll of blinking
Potions
 b - a potion of magic
 g - 5 potions of curing
 h - 2 potions of lignification
 i - 3 potions of degeneration
 j - a potion of flight
 k - 2 potions of might
 l - 2 potions of attraction
 r - a potion of resistance {unknown}
 w - 2 potions of heal wounds {unknown}
 B - a potion of brilliance {unknown}


   Skills:
 + Level 2.8 Fighting
 + Level 4.9 Dodging
 - Level 2.4 Stealth
 + Level 6.2 Spellcasting
 + Level 4.1 Conjurations
 - Level 2.0 Translocations
 - Level 1.1 Transmutations
 - Level 2.0 Air Magic
 - Level 6.0 Earth Magic
 - Level 2.0 Poison Magic
 * Level 5.4 Invocations


You had 8 spell levels left.
You knew the following spells:

 Your Spells              Type           Power      Damage    Failure   Level
a - Sandblast             Erth           68%        2d15      1%          1
b - Passwall              Tmut/Erth      19%        N/A       3%          2
c - Stone Arrow           Conj/Erth      60%        3d10      3%          3
d - Mephitic Cloud        Conj/Pois/Air  19%        N/A       9%          3
e - Blink                 Tloc           32%        N/A       5%          2

Your spell library contained the following spells:

 Spells                   Type           Power      Damage    Failure   Level
 Magic Dart               Conj           100%       1d8       1%          1
 Slow                     Hex            28%        N/A       9%          1
 Call Imp                 Summ           7%         N/A       13%         2
 Petrify                  Tmut/Erth      23%        N/A       19%         4
 Confusing Touch          Hex            7%         N/A       26%         3
 Vampiric Draining        Necr           7%         2d6       26%         3
 Manifold Assault         Tloc           16%        N/A       36%         4
 Storm Form               Tmut/Air       7%         N/A       100%        7
 Borgnjor's Revivificati  Necr           3%         N/A       100%        8
 Necromutation            Tmut/Necr      4%         N/A       100%        8
 Death's Door             Necr           3%         N/A       100%        9


Dungeon Overview and Level Annotations

Branches:
Dungeon (7/15)             Temple (0/1) D:4

Altars:
Ashenzari
Cheibriados
Sif Muna
Zin

Shops:
D:1 !   D:5 :

Annotations:
D:3 1 runed translucent door, Crazy Yiuf
D:6 Maggie


Message History

Things that are here:
a +2 whip of flaming; a +0 robe The orc attacks as you move away!
The orc misses you. The orc barely misses you.
You regained 5 mp, and now have 7/19 mp.
Aiming: Sandblast (safe; 1% risk of failure)
Press: ? - help, Q - select action, (/) - cycle Shift-Dir - straight line, f - orc
Aim: an orc, wielding a +0 dagger and wearing a +0 ring mail (86% to hit)
The blast of sand hits the orc!
You kill the orc!
Sif Muna accepts your kill. The wight closely misses you.
You regained 3 mp, and now have 10/19 mp.
Aiming: Sandblast (safe; 1% risk of failure)
Press: ? - help, Q - select action, (/) - cycle Shift-Dir - straight line, f - wight
Aim: a wight, wielding a +5 long sword and wearing a +0 robe (84% to hit)
The blast of sand hits the wight.
The wight is lightly damaged.
The wight hits you with a +5 long sword!
You take 15 damage, and have 15/45 hp.
MASSIVE DAMAGE!!
You regained 6 mp, and now have 16/19 mp.
Aiming: Sandblast (safe; 1% risk of failure)
Press: ? - help, Q - select action, (/) - cycle Shift-Dir - straight line, f/p - wight
Aim: a wight, wielding a +5 long sword and wearing a +0 robe (lightly damaged, 84% to hit)
The blast of sand hits the wight!
The wight is heavily damaged.
You feel less invigorated. The wight barely misses you.
The wight hits you with a +5 long sword!
* * * LOW HITPOINT WARNING * * *
You take 10 damage, and have 5/45 hp.
MASSIVE DAMAGE!!
MP restored: 19 You feel better.
The wight hits you with a +5 long sword.
* * * LOW HITPOINT WARNING * * *
You feel drained.
* * * LOW HITPOINT WARNING * * *
You take 1 damage, and have 4/44 hp.
You feel better.
The wight hits you with a +5 long sword!
You die...

##########
#.##.....#.##
#.######.#..##
#.# #.#...# ...
#.#.#.# ...
..#.#.#
######.###
#......#
#.###### #@#
#z# #o#
....z.oo.......
......†).####.#
...$.....#
.........#
##...###.. #...
..


You could see an orc warrior, a wight, an orc wizard and an orc.

Vanquished Creatures
  Pikel (D:7)
  A sky beast (D:6)
  2 black bears
  2 ogres
  3 centaurs
  A lemure (D:7)
  A scorpion (D:5)
  A bullfrog (D:7)
  A howler monkey (D:7)
  2 hounds (D:5)
  An orc priest (D:2)
  Jessica (D:2)
  A sleepcap (D:4)
  An iguana (D:4)
  2 orc wizards
  A gnoll (D:1)
  5 adders
  A shadow imp (D:5)
  A white imp (D:6)
  3 worms
  3 dart slugs
  6 orcs
  9 ball pythons
  5 endoplasms
  7 goblins
  6 hobgoblins
  A jackal (D:3)
  5 kobolds
  5 quokkas
  8 bats
  7 frilled lizards
  14 rats
108 creatures vanquished.

Notes
Turn   | Place    | Note
-------+----------+-------------------------------------------
     0 | D:1      | jasper the Deep Elf Earth Elementalist began the quest for
                  | the Orb.
     0 | D:1      | Reached XP level 1. HP: 10/10 MP: 6/6
   234 | D:1      | Reached XP level 2. HP: 15/15 MP: 6/8
   238 | D:1      | Learned a level 2 spell: Passwall
   501 | D:1      | Found Jihoit's Distillery.
   760 | D:1      | Reached XP level 3. HP: 19/19 MP: 5/10
   764 | D:1      | Learned a level 3 spell: Stone Arrow
   768 | D:1      | Learned a level 3 spell: Mephitic Cloud
  1176 | D:2      | Noticed Jessica
  1179 | D:2      | Killed Jessica
  1180 | D:2      | Reached skill level 1 in Conjurations
  1180 | D:2      | Reached XP level 4. HP: 24/24 MP: 8/11
  1295 | D:2      | Reached skill level 5 in Earth Magic
  1470 | D:2      | Reached XP level 5. HP: 28/28 MP: 8/12
  1878 | D:1      | Bought a potion of curing for 39 gold pieces
  2802 | D:3      | Found a runed translucent door.
  2803 | D:3      | Noticed Crazy Yiuf
  2914 | D:4      | Found a snail-covered altar of Cheibriados.
  2988 | D:4      | Found a shimmering blue altar of Sif Muna.
  2992 | D:4      | Found a broken altar of Ashenzari.
  3000 | D:4      | Became a worshipper of Sif Muna the Loreminder
  3157 | D:4      | Reached skill level 1 in Poison Magic
  3217 | D:4      | Noticed an ogre
  3223 | D:4      | Killed an ogre
  3224 | D:4      | Reached skill level 1 in Air Magic
  3224 | D:4      | Reached XP level 6. HP: 32/32 MP: 7/13
  3444 | D:4      | Identified the +6 chain mail of the Pit {rF+ rC+}
  3541 | D:4      | Found a staircase to the Ecumenical Temple.
  3881 | D:5      | Entered Level 5 of the Dungeon
  4060 | D:5      | Reached skill level 1 in Invocations
  4134 | D:5      | Learned a level 2 spell: Blink
  4161 | D:5      | Reached skill level 1 in Fighting
  4161 | D:5      | Reached XP level 7. HP: 38/38 MP: 11/15
  4334 | D:5      | Reached skill level 1 in Translocations
  4483 | D:5      | Found a glowing silver altar of Zin.
  4530 | D:5      | Found Kekhlac's Book Emporium.
  5072 | D:6      | Reached skill level 5 in Spellcasting
  5221 | D:6      | Noticed Maggie
  5265 | D:7      | Reached XP level 8. HP: 10/44 MP: 10/18
  5434 | D:7      | Noticed Pikel
  5444 | D:7      | Killed Pikel
  5446 | D:7      | Reached skill level 5 in Invocations
  5446 | D:7      | Reached * piety under Sif Muna
  5483 | D:7      | Slain by a wight

Illustrated notes

Levels and vault maps discovered:
D:1:      heliophobic_arrival_glass_houses, layout_loops_ring, serial_shops,
          nicolae_shop_stone, corner_web_ring
D:2:      layout_basic, uniq_jessica
D:3:      layout_basic, minivault_24, minmay_divided_ellipse,
          uniq_crazy_yiuf_cottage
D:4:      layout_cave_pods, mainiacjoe_overflow_tiny_flanked,
          cheibrodos_ashenzari_chains, mainiacjoe_overflow_small_starburst,
          minmay_temple_entry_stoned_glass
D:5:      layout_gridville, mainiacjoe_overflow_boulevard, serial_shops,
          nicolae_shop_statue_plus
D:6:      layout_rooms, serial_bayou_pond_d, uniq_grinder, uniq_maggie
D:7:      layout_basic, lemuel_doored_altar,
          yredelemnul_forgotten_temple_becter, grunt_temple_overflow_bloody_war,
          water_boxes_lemuel, uniq_pikel, uniq_duvessa

Skill      XL: |  1  2  3  4  5  6  7  8 |
---------------+-------------------------+-----
Earth Magic    | 4 5 6 |  6.0
Conjurations   | 1 2 3 4 |  4.1
Poison Magic   | 2 |  2.0
Air Magic      | 1 2 |  2.0
Spellcasting   | 4 5 6 |  6.2
Invocations    | 1 3 5 |  5.4
Fighting       | 1 2 |  2.8
Dodging        | 3 4 |  4.9
Translocations | 2 |  2.0
Stealth        | |  2.4
Transmutations | |  1.1

Action                     |  1- 3 |  4- 6 |  7- 9 || total
---------------------------+-------+-------+-------++-------
  Melee: Short sword       |     1 |     2 |       ||     3
  Throw: Stone             |       |     2 |     1 ||     3
   Cast: Sandblast         |    32 |    89 |    45 ||   166
         Mephitic Cloud    |       |       |     3 ||     3
 Invoke: Channel Magic     |       |       |     1 ||     1
    Use: Scroll            |       |       |    15 ||    15
         Potion            |       |       |     2 ||     2
 Armour: Robe              |     1 |     6 |     9 ||    16
  Dodge: Dodged            |     2 |     9 |    23 ||    34

Table legend: (Time is in decaauts)
 A = Elapsed time spent in this place.
 B = Non-inter-level travel time spent in this place.
 C = Inter-level travel time spent in this place.
 D = Time resting spent in this place.
 E = Time spent auto-exploring this place.
 F = Levels seen in this place.
 G = Mean time per level.
                   A        B        C        D        E       F      G
               +--------+--------+--------+--------+--------+-----+--------+
         Total |   5564 |   5332 |    232 |    123 |   4477 |   7 |  794.9 |
       Dungeon |   5564 |   5332 |    232 |    123 |   4477 |   7 |  794.9 |
               +--------+--------+--------+--------+--------+-----+--------+

Top non-repeatable levels by time:
     D:5: 1180 daAuts
     D:1: 1144 daAuts
     D:3: 1021 daAuts
     D:4: 976 daAuts
     D:2: 790 daAuts
     D:7: 257 daAuts
     D:6: 193 daAuts
